 Dungeon Crawl Stone Soup version 0.27-a0-660-g90476cec82 (webtiles) character file.

Game seed: 6667488439175098395

74 robertstho the Firebug (level 3, -3/26 HPs)
             Began as a Demigod Fire Elementalist on Mar 16, 2021.
             Slain by an orc
             ... wielding a +0 short sword
              (4 damage)
             ... on level 3 of the Dungeon.
             The game lasted 00:03:58 (2140 turns).

robertstho the Firebug (Demigod Fire Elementalist)  Turns: 2140, Time: 00:03:59

Health: -3/26      AC:  3    Str:  9    XL:     3   Next: 86%
Magic:  9/9        EV: 12    Int: 21    God:
Gold:   152        SH:  0    Dex: 14    Spells: 5/6 levels left

rFire    . . .     SeeInvis .   e - +0 dagger
rCold    . . .     Faith    .   (no shield)
rNeg     . . .     Spirit   .   a - +0 robe
rPois    .         Reflect  .   (no helmet)
rElec    .         Harm     .   (no cloak)
rCorr    .         Rampage  .   i - +0 pair of gloves
Will     .....                  (no boots)
Stlth    ++........             (no amulet)
HPRegen  0.08/turn              (no ring)
MPRegen  0.11/turn              (no ring)

@: no status effects
A: high mp 1, forlorn
a: no special abilities


You were on level 3 of the Dungeon.
You visited 1 branch of the dungeon, and saw 3 of its levels.

You collected 152 gold pieces.

Inventory:

Hand Weapons
 e - a +0 dagger (weapon)
Armour
 a - a +0 robe (worn)
 i - a +0 pair of gloves (worn)
Scrolls
 g - 3 scrolls of amnesia
Potions
 b - a potion of attraction {unknown}
 c - a potion of heal wounds {unknown}
 f - a potion of mutation {unknown}


   Skills:
 + Level 0.1 Fighting
 + Level 1.9 Dodging
 + Level 2.1 Stealth
 + Level 2.3 Spellcasting
 + Level 1.7 Conjurations
 + Level 3.5 Fire Magic


You had 5 spell levels left.
You knew the following spells:

 Your Spells              Type           Power      Damage    Failure   Level
a - Foxfire               Conj/Fire      52%        2x1d6     4%          1

Your spell library contained the following spells:

 Spells                   Type           Power      Damage    Failure   Level
 Conjure Flame            Conj/Fire      13%        6-21      14%         3
 Inner Flame              Hex/Fire       9%         N/A       21%         3
 Sticky Flame             Conj/Fire      13%        2d4       43%         4
 Fireball                 Conj/Fire      6%         3d5       80%         5


Dungeon Overview and Level Annotations

Branches:
Dungeon (3/15)

Annotations:
D:2 Natasha


Innate Abilities, Weirdness & Mutations

Your attributes grow dramatically as you level up.
You have an increased reservoir of magic. (+10% MP)
You shall have no god before yourself.


Message History

Found a stone staircase leading down.
You feel sick.
Natasha casts a spell.
The kobold misses you.
Found a snail-covered altar of Cheibriados.
The kobold hits you with a +0 short sword.
* * * LOW HITPOINT WARNING * * *
You feel sick. The frilled lizard closely misses you.
Natasha mumbles some strange words.
Natasha wildly gestures.
Natasha's front paws start to glow.
The crimson imp grinds its teeth.
The frilled lizard unfolds its giant frill.
You feel sick.
You are no longer poisoned.
The rat twitches its whiskers.
Found 2 gold pieces.
As you read the scroll of teleportation, it crumbles to dust.
You feel strangely unstable. The frilled lizard closely misses you.
You see here 2 gold pieces.
You now have 152 gold pieces (gained 2).
Your surroundings suddenly seem different.
Found an escape hatch in the floor.
A bat comes into view.
There is an escape hatch in the floor here.
The bat hits you but does no damage.
You slide downwards.
The hatch slams shut behind you.
A worm, 2 orcs, an orc priest and an orc wizard come into view.
Found a club.
Unknown command.
The bat closely misses you. The bat closely misses you.
The orc shouts! x2; The orc priest shouts!
The bat hits you but does no damage. The orc hits you with a +0 short sword.
* * * LOW HITPOINT WARNING * * *
The orc wizard gestures at itself while chanting.
The orc wizard flickers and vanishes!
Deactivating autopickup; reactivate with Ctrl-A.
The orc hits you with a +0 short sword.
You die...

#.
+.#######
#.o....#
+..)...#
#...o..#
+..w.{.#
#....b.#
+....@o+
#......#
###+#..#
##.# #.#
#.. ...
...


You could see a worm, an orc priest, 2 orcs and a bat.

Vanquished Creatures
  Natasha (D:2)
  2 worms (D:2)
  A dart slug (D:1)
  2 leopard geckos (D:1)
  3 giant cockroaches
  4 goblins
  7 hobgoblins
  6 kobolds
  A ball python (D:1)
  6 bats (D:1)
  2 frilled lizards (D:1)
  5 rats
40 creatures vanquished.

Vanquished Creatures (others)
  170 foxfires
  A plant (D:1)
171 creatures vanquished.

Grand Total: 211 creatures vanquished

Notes
Turn   | Place    | Note
-------+----------+-------------------------------------------
     0 | D:1      | robertstho the Demigod Fire Elementalist began the quest
                  | for the Orb.
     0 | D:1      | Reached XP level 1. HP: 14/14 MP: 5/5
    61 | D:1      | Reached skill level 3 in Fire Magic
   371 | D:1      | Reached XP level 2. HP: 20/20 MP: 0/7
   445 | D:1      | Reached skill level 1 in Conjurations
  1386 | D:2      | Reached XP level 3. HP: 24/26 MP: 5/8
  1535 | D:2      | Noticed Natasha
  1540 | D:2      | Killed Natasha
  2110 | D:2      | Noticed Natasha
  2139 | D:3      | HP: 1/26 [orc/+0 short sword (6)]
  2140 | D:3      | Slain by an orc

Illustrated notes

Levels and vault maps discovered:
D:1:      lightli_arrival_farm, layout_rooms, minmay_tetromino_i4
D:2:      minmay_inner_zag, layout_rooms, lemuel_round_altar,
          lemuel_zombie_altar_kikubaaqudgha, nemelex_xobeh_ov_fountains_minmay,
          cheibriados_altar_1, minmay_misc_feat_cross, uniq_natasha
D:3:      layout_basic, grunt_temple_overflow_order_and_chaos_1

Skill      XL: |  1  2 |
---------------+-------+-----
Fire Magic     | 3 |  3.5
Conjurations   | 1 |  1.7
Spellcasting   | 2 |  2.3
Stealth        | 2 |  2.1
Fighting       | |  0.1
Dodging        | |  1.9

Action                   || total
-------------------------++-------
Melee: Dagger            ||    12
 Cast: Foxfire           ||   106
  Use: Scroll            ||     4
Armor: Robe              ||     6
Dodge: Dodged            ||    31

Table legend: (Time is in decaauts)
 A = Elapsed time spent in this place.
 B = Non-inter-level travel time spent in this place.
 C = Inter-level travel time spent in this place.
 D = Time resting spent in this place.
 E = Time spent auto-exploring this place.
 F = Levels seen in this place.
 G = Mean time per level.
                   A        B        C        D        E       F      G
               +--------+--------+--------+--------+--------+-----+--------+
         Total |   2171 |   2140 |     31 |      0 |   1801 |   3 |  723.7 |
       Dungeon |   2171 |   2140 |     31 |      0 |   1801 |   3 |  723.7 |
               +--------+--------+--------+--------+--------+-----+--------+

Top non-repeatable levels by time:
     D:1: 1405 daAuts
     D:2: 760 daAuts
     D:3: 4 daAuts
